 Dungeon Crawl Stone Soup version 0.28-a0-804-g60983d4ba9 (webtiles) character file.

Game seed: 3235289113078677921

1426 vurker the Zephyrmancer (level 8, -2/48 HPs)
             Began as a Tengu Air Elementalist on Nov 7, 2021.
             Was a Follower of Vehumet.
             Killed from afar by a white imp (12 damage)
             ... with a puff of frost
             ... on level 6 of the Dungeon.
             The game lasted 00:07:53 (6867 turns).

vurker the Zephyrmancer (Tengu Air Elementalist)    Turns: 6867, Time: 00:07:54

Health: -2/48      AC:  3    Str:  9    XL:     8   Next: 72%
Magic:  1/17       EV: 14    Int: 17    God:    Vehumet [*.....]
Gold:   326        SH:  0    Dex: 15    Spells: 13/18 levels left

rFire   . . .      SeeInvis .   b - +1 dagger
rCold   . . .      Faith    .   (no shield)
rNeg    . . .      Spirit   .   a - +0 robe
rPois   .          Reflect  .   (helmet restricted)
rElec   .          Harm     .   (no cloak)
rCorr   .          Rampage  .   g - +0 pair of gloves
Will    +....                   (boots unavailable)
Stlth   ++........              (no amulet)
HPRegen 0.16/turn               i - ring of willpower
MPRegen 0.15/turn               (no ring)

@: flying quickly and evasively, quick
A: beak, talons 3, nimble flight
a: Renounce Religion


You were on level 6 of the Dungeon.
You worshipped Vehumet.
Vehumet was aware of your devotion.
You visited 2 branches of the dungeon, and saw 7 of its levels.

You collected 326 gold pieces.

Inventory:

Hand Weapons
 b - a +1 dagger (weapon)
   (You took it off a kobold on level 1 of the Dungeon)
Missiles
 e - 4 throwing nets
Armour
 a - a +0 robe (worn)
 g - a +0 pair of gloves (worn)
   (You found it on level 1 of the Dungeon)
Jewellery
 i - a ring of willpower (left hand)
   (You found it on level 1 of the Dungeon)
Scrolls
 d - 2 scrolls of teleportation
 f - a scroll of amnesia
Potions
 c - 2 potions of invisibility
 j - 5 potions of curing
 k - 4 potions of lignification
 m - a potion of might {unknown}
 n - 2 potions of haste
 o - a potion of attraction {unknown}


   Skills:
 + Level 3.9 Fighting
 - Level 2.1 Dodging
 - Level 2.0 Stealth
 * Level 5.8 Spellcasting
 + Level 5.7 Conjurations
 * Level 8.9 Air Magic


You had 13 spell levels left.
You knew the following spells:

 Your Spells              Type           Power      Damage    Failure   Level
a - Shock                 Conj/Air       100%       1d9       1%          1
c - Airstrike             Air            17%        N/A       3%          4

Your spell library contained the following spells:

 Spells                   Type           Power      Damage    Failure   Level
 Sandblast                Erth           8%         2d5       13%         1
 Static Discharge         Conj/Air       29%        N/A       1%          2
 Swiftness                Air            35%        N/A       1%          3
 Freeze                   Ice            16%        1d4       13%         1
 Frozen Ramparts          Ice            8%         1d2       36%         3
 Hailstorm                Conj/Ice       14%        3d5       38%         4


Dungeon Overview and Level Annotations

Branches:
Dungeon (6/15)             Temple (1/1) D:5

Altars:
Cheibriados
Dithmenos
Elyvilon
Gozag
Hepliaklqana
Makhleb
Okawaru
Ru
Vehumet
Xom
Zin
The Shining One

Shops:
D:2 [


Innate Abilities, Weirdness & Mutations

You have a beak for a mouth.
You have claws for feet.
Your magical nature lets you fly swiftly and evasively.


Message History

Found 2 potions of lignification.
k - 4 potions of lignification (gained 2)
Found a stone staircase leading down.
An ogre and a white imp come into view.
The ogre shouts!
The white imp shouts!
A bullfrog skeleton comes into view.
The white imp lashes its tail.
There are monsters nearby!
A bullfrog skeleton comes into view.
Aim: a bullfrog skeleton (empty space bonus: 7/8)
The air twists around and strikes the bullfrog skeleton!
Aim: a bullfrog skeleton (heavily damaged, empty space bonus: 5/8)
The air twists around and strikes the bullfrog skeleton!
Aim: a bullfrog skeleton (almost destroyed, empty space bonus: 4/8)
The air twists around and strikes the bullfrog skeleton!
You destroy the bullfrog skeleton!
Vehumet accepts your kill. The ogre hits you with a +0 giant club!
Aim: an ogre, wielding a +0 giant club (empty space bonus: 4/8)
The air twists around and strikes the ogre!
You don't have enough magic to cast this spell.
Aim: an ogre, wielding a +0 giant club (heavily wounded, 88% to hit)
The zap hits the ogre.
The zap misses the ogre.
Aim: an ogre, wielding a +0 giant club (heavily wounded, 88% to hit)
The zap hits the ogre.
The zap hits the bullfrog skeleton!
The zap hits the bullfrog skeleton.
The zap hits the ogre.
The ogre hits you with a +0 giant club!
Aim: an ogre, wielding a +0 giant club (almost dead, 88% to hit)
The zap hits the ogre!
You kill the ogre!
Vehumet accepts your kill. The bullfrog skeleton hits you.
* * * LOW HITPOINT WARNING * * *
The bullfrog skeleton completely misses you.
The bullfrog skeleton hits you.
* * * LOW HITPOINT WARNING * * *
The zap hits the bullfrog skeleton.
The zap hits the bullfrog skeleton!
The bullfrog skeleton closely misses you. x2
The zap hits the bullfrog skeleton!
You destroy the bullfrog skeleton!
Vehumet accepts your kill. The white imp gestures at you.
The puff of frost misses you.
Unknown command.
The white imp gestures at you. The puff of frost hits you!
* * * LOW HITPOINT WARNING * * *
The white imp gestures at you. The puff of frost hits you!
You die...

....# #.# #### ###(## #.#####
#... ##.# #.##..## ####
#.###### #.#..#.## #
##.#...### ##.).###.## ##
#...##..###..).# ##.### ##.
###..####..##...## ##..## ##..
#....## ##.......# ##..###..#
##...)##
#....@..#####.......##
##<...###....##....5.##.....##
###))<.).....##..######......
###....###....### ##..5...#
#...#### ##...## ##(.##..##
##...### ##>..# ##..###..##
##....#####...###..## ##...
#.......#........## ##..
#######..........# ###


You could see a white imp.

Vanquished Creatures
  A water moccasin (D:5)
  2 sky beasts
  A necrophage (D:5)
  3 black bears
  An ogre (D:6)
  3 scorpions (D:5)
  A water moccasin skeleton (D:5)
  A hound (D:5)
  An orc priest (D:4)
  2 bullfrog skeletons (D:6)
  3 iguanas
  2 orc wizards
  3 gnolls (D:6)
  8 adders
  An ufetubus (D:5)
  3 worms
  3 dart slugs
  16 orcs
  8 ball pythons
  8 bats
  11 endoplasms
  3 giant cockroaches
  12 goblins
  7 hobgoblins
  11 jackals
  A quokka (D:4)
  2 frilled lizards
  9 kobolds
  6 rats
133 creatures vanquished.

Notes
Turn   | Place    | Note
-------+----------+-------------------------------------------
     0 | D:1      | vurker the Tengu Air Elementalist began the quest for the
                  | Orb.
     0 | D:1      | Reached XP level 1. HP: 10/10 MP: 4/4
   141 | D:1      | Reached XP level 2. HP: 16/16 MP: 3/6
   403 | D:1      | Found a faded altar of an unknown god.
   471 | D:1      | Reached XP level 3. HP: 20/20 MP: 3/7
   762 | D:1      | Reached skill level 1 in Fighting
  1478 | D:2      | Reached XP level 4. HP: 23/25 MP: 4/9
  1526 | D:2      | Learned a level 4 spell: Airstrike
  1702 | D:2      | Reached skill level 5 in Air Magic
  1835 | D:2      | Found Juleb's Antique Armour Shop.
  2828 | D:3      | Found a sacrificial altar of Ru.
  3081 | D:3      | Gained mutation: Your magical nature lets you fly swiftly
                  | and evasively. [Tengu growth]
  3081 | D:3      | Reached XP level 5. HP: 29/29 MP: 8/10
  3711 | D:4      | Noticed a black bear
  4118 | D:4      | Killed a black bear
  4119 | D:4      | Reached skill level 6 in Air Magic
  4119 | D:4      | Reached XP level 6. HP: 20/35 MP: 5/12
  4787 | D:4      | Noticed a black bear
  4800 | D:4      | Killed a black bear
  4801 | D:4      | Reached XP level 7. HP: 40/40 MP: 9/14
  4947 | D:5      | Entered Level 5 of the Dungeon
  4956 | D:5      | Found a staircase to the Ecumenical Temple.
  4978 | Temple   | Entered the Ecumenical Temple
  5028 | Temple   | Became a worshipper of Vehumet
  5057 | D:5      | Reached skill level 7 in Air Magic
  5437 | D:5      | Reached skill level 5 in Spellcasting
  5437 | D:5      | Reached XP level 8. HP: 18/46 MP: 4/16
  5719 | D:5      | Found an iron altar of Okawaru.
  5726 | D:5      | Found a shadowy altar of Dithmenos.
  5735 | D:5      | Reached skill level 5 in Conjurations
  5735 | D:5      | Reached skill level 8 in Air Magic
  6413 | D:6      | Reached * piety under Vehumet
  6413 | D:6      | Offered knowledge of Sandblast by Vehumet.
  6867 | D:6      | Killed from afar by a white imp

Illustrated notes

Levels and vault maps discovered:
D:1:      amcnicky_arrival_double_pillar, layout_rooms, serial_corexii_hall,
          corexii_hall_statues_l, corexii_hall_statues_deadend,
          shapermc_ecumenical_altar_mp_highgroup, serial_bayou_pond_e,
          supply_closet_lemuel, chequers_serial_rivers_micro_b
D:2:      layout_basic, serial_shops, shop_fountains, minmay_goblin_kobold_house
D:3:      layout_loops_ring, lemuel_tele_altar
D:4:      layout_basic
D:5:      layout_gridville, mainiacjoe_overflow_catwalk_spiral,
          minmay_temple_entry_tees, st_stairs_6
D:6:      layout_layer_cave, marbit_many_paths, uniq_prince_ribbit1
Temple:   eino_temple_rhombus

Skill      XL: |  1  2  3  4  5  6  7  8 |
---------------+-------------------------+-----
Conjurations   | 2 3 4 5 |  5.7
Fighting       | 1 2 3 |  3.9
Air Magic      | 5 6 7 8 |  8.9
Spellcasting   | 3 4 5 |  5.8
Dodging        | |  2.1
Stealth        | |  2.0

Action                   |  1- 3 |  4- 6 |  7- 9 || total
-------------------------+-------+-------+-------++-------
Melee: Unarmed           |    11 |       |       ||    11
       Kick              |     1 |       |     2 ||     3
       Dagger            |       |       |     4 ||     4
       Peck              |       |       |     3 ||     3
 Cast: Shock             |    79 |   155 |    59 ||   293
       Airstrike         |       |       |    21 ||    21
  Use: Scroll            |       |       |    12 ||    12
Armor: Robe              |     7 |     4 |     6 ||    17
Dodge: Dodged            |    19 |    22 |    28 ||    69

Table legend: (Time is in decaauts)
 A = Elapsed time spent in this place.
 B = Non-inter-level travel time spent in this place.
 C = Inter-level travel time spent in this place.
 D = Time resting spent in this place.
 E = Time spent auto-exploring this place.
 F = Levels seen in this place.
 G = Mean time per level.
                   A        B        C        D        E       F      G
               +--------+--------+--------+--------+--------+-----+--------+
         Total |   6708 |   6527 |    181 |    271 |   5450 |   7 |  958.3 |
       Dungeon |   6649 |   6476 |    173 |    271 |   5409 |   6 | 1108.2 |
        Temple |     59 |     51 |      8 |      0 |     40 |   1 |   59.0 |
               +--------+--------+--------+--------+--------+-----+--------+

Top non-repeatable levels by time:
     D:2: 1577 daAuts
     D:3: 1375 daAuts
     D:5: 1197 daAuts
     D:1: 1015 daAuts
     D:4: 918 daAuts
     D:6: 564 daAuts
  Temple: 59 daAuts
